 Dungeon Crawl Stone Soup version 0.19.1-1-g22dce08 (webtiles) character file.

9866 sveltemanboy the Destroyer (level 11, -17/78 (79) HPs)
             Began as a Green Draconian Conjurer on Jan 10, 2017.
             Was an Elder of Vehumet.
             Demolished by a shadow wraith (20 damage)
             ... on level 1 of the Abyss.
             The game lasted 00:40:07 (13064 turns).

sveltemanboy the Destroyer (DrCj)                  Turns: 13064, Time: 00:40:08

HP:   -17/78 (79)   AC:  9    Str: 11    XL:     11   Next: 28%
MP:   26/26         EV: 14    Int: 18    God:    Vehumet [****..]
Gold: 193           SH:  6    Dex: 12    Spells: 4 memorised, 6 levels left

rFire  . . .     SeeInvis .     A - +2 war axe (elec)
rCold  . . .     Gourm    .     (armour unavailable)
rNeg   . . .     Faith    .     (no shield)
rPois  +         Spirit   .     (helmet restricted)
rElec  .         Reflect  +     (no cloak)
rCorr  .         Harm     .     w - +0 pair of gloves
MR     .....                    z - +0 pair of boots
Stlth  ++........               l - +6 amulet of reflection
                                F - ring of magical power
                                c - ring of wizardry

@: slowed, very slow
A: breathe noxious fumes, unfitting armour, poison resistance, cold-blooded, AC
+7
a: Breathe Noxious Fumes, Renounce Religion


You were on level 1 of the Abyss.
You worshipped Vehumet.
Vehumet was greatly pleased with you.
You were hungry.

You visited 2 branches of the dungeon, and saw 13 of its levels.
You visited the Abyss 1 time.

You collected 553 gold pieces.
You spent 360 gold pieces at shops.

Inventory:

Hand Weapons
 A - a +2 war axe of electrocution (weapon)
Armour
 w - a +0 pair of gloves (worn)
 z - a +0 pair of boots (worn)
Jewellery
 c - a ring of wizardry (left hand)
 l - a +6 amulet of reflection (around neck)
 E - a +4 ring of evasion
 F - a ring of magical power (right hand)
 I - an uncursed ring of protection from cold
Wands
 k - a wand of slowing (31/48)
 m - a wand of flame (41/48)
 r - a wand of iceblast (7/15)
 C - a wand of polymorph (13/24)
 G - a wand of paralysis (8/24)
Scrolls
 g - 4 scrolls of remove curse
 i - 3 scrolls of recharging
 q - 4 scrolls of teleportation
 t - a scroll of fog
 x - a scroll of identify
 y - 2 scrolls of enchant armour
Potions
 e - 5 potions of curing {unknown}
 h - 5 potions of resistance {unknown}
 j - 2 potions of haste
 n - a potion of brilliance
 o - 5 potions of degeneration {unknown}
 p - 4 potions of ambrosia {unknown}
 s - a potion of berserk rage
 u - a potion of cancellation
 v - 2 potions of magic
 B - a potion of might
 J - 2 potions of heal wounds {unknown}
 K - a potion of lignification {unknown}
Books
 a - a book of Conjurations

   Spells                             Type                      Level
   a - Magic Dart                     Conjuration                  1
   b - Searing Ray                    Conjuration                  2
   c - Dazzling Spray                 Conjuration/Hexes            3
   d - Fulminant Prism                Conjuration/Hexes            4
   e - Iskenderun's Mystic Blast      Conjuration                  4
   f - Iskenderun's Battlesphere      Conjuration/Charms           5
 H - a book of Power

   Spells                             Type                      Level
   a - Fulminant Prism                Conjuration/Hexes            4
   b - Iskenderun's Mystic Blast      Conjuration                  4
   c - Venom Bolt                     Conjuration/Poison           5
   d - Bolt of Magma                  Conjuration/Fire/Earth       5
   e - Iron Shot                      Conjuration/Earth            6
   f - Orb of Destruction             Conjuration                  7
   g - Spellforged Servitor           Conjuration/Summoning        7
Comestibles
 b - 13 bread rations
 d - a slice of pizza
 f - 7 meat rations
 D - 18 fruits


   Skills:
 + Level 2.2 Fighting
 * Level 9.0 Axes
 - Level 5.1 Dodging
 - Level 1.7 Stealth
 - Level 4.3 Spellcasting
 * Level 14.0 Conjurations
 - Level 1.2 Charms


You had 6 spell levels left.
You knew the following spells:

 Your Spells              Type           Power        Failure   Level  Hunger
a - Magic Dart            Conj           ####         1%          1    None
b - Searing Ray           Conj           ######       1%          2    ##.....
c - Iskenderun's Mystic   Conj           ######..     1%          4    ####...
d - Iskenderun's Battles  Conj/Chrm      ####....     2%          5    ######.


Dungeon Overview and Level Annotations

Branches:
Dungeon (12/15)            Temple (1/1) D:5            Lair (0/6) D:10
    Orc: D:9-12

Altars:
Ashenzari
Cheibriados
Dithmenos
Elyvilon
Fedhas
Gozag
Hepliaklqana
Kikubaaqudgha
Makhleb
Nemelex Xobeh
Okawaru
Qazlal
Ru
Sif Muna
Trog
Uskayaw
Vehumet
Xom
Yredelemnul
Zin
The Shining One

Shops:
D:7 }   D:8 :   D:9 =

Annotations:
D:5 Atlantean's ghost, novice GrFi
D:10 Erolcha


Innate Abilities, Weirdness & Mutations

You can breathe blasts of noxious fumes.
Your lurid green scales are hard. (AC +7)
You cannot fit into any form of body armour.
Your system is resistant to poisons. (rPois)
You are cold-blooded and may be slowed by cold attacks.


Message History

You barely miss something. Something hits you!
* * * LOW HITPOINT WARNING * * *
Something drains your vigour!
You feel as though you will be slow longer.
Something hits you.
* * * LOW HITPOINT WARNING * * *
Something drains your vigour!
You feel as though you will be slow longer.
You hit something.
There is a sudden explosion of sparks!
Something hits you.
* * * LOW HITPOINT WARNING * * *
Something drains your vigour!
You feel as though you will be slow longer.
You completely miss something. Something hits you.
* * * LOW HITPOINT WARNING * * *
Something drains your vigour!
You feel as though you will be slow longer.
Something hits you.
* * * LOW HITPOINT WARNING * * *
You miss something. Something hits you!!
You die...

. ##### .#
# ...# ###
###.##.....
##@{.###..
##..##..#.
#..#....#..
...
###..... .
...#### ..
... #
......# .
... ###
.##..#
#...... ###
#...#..
.#...... .
. .#....
#.... ... .


There were no monsters in sight!

Vanquished Creatures
  Gastronok (D:10)
  A hill giant (D:10)
  A centaur zombie (D:10)
  A gargoyle (D:7)
  A hornet (D:9)
  3 hippogriffs
  Sigmund (D:5)
  A wyvern (D:9)
  A wraith (D:8)
  5 yaks
  A water moccasin (D:5)
  Duvessa (D:7)
  An ice beast (D:11)
  2 orc warriors
  3 sky beasts
  A black bear (D:8)
  4 necrophages
  A phantom (D:4)
  3 centaurs
  3 ogres
  3 big kobolds
  A crocodile (D:10)
  4 bullfrogs
  A wyvern zombie (D:9)
  Dowan (D:7)
  4 scorpions
  4 killer bees (D:8)
  5 wights
  4 jellies
  6 howler monkeys
  3 crimson imps
  A bullfrog zombie (D:5)
  4 human zombies (D:8)
  8 hounds
  5 orc priests
  A gnoll shaman (D:5)
  A human skeleton (D:8)
  5 iguanas
  Jessica (D:2)
  12 worker ants
  17 orc wizards
  A killer bee zombie (D:5)
  3 hound skeletons
  2 mummies (D:8)
  A worker ant zombie (D:6)
  3 gnolls
  A howler monkey zombie (D:5)
  9 adders
  3 river rats (D:10)
  A shadow imp (D:10)
  An adder skeleton (D:4)
  2 adder zombies
  3 worms (D:2)
  A dart slug (D:1)
  A leopard gecko (D:8)
  38 orcs
  2 giant cockroaches (D:4)
  13 goblins
  13 hobgoblins
  17 jackals
  14 kobolds
  5 quokkas
  4 ball pythons
  20 bats
  7 frilled lizards
  A jackal zombie (D:6)
  A leopard gecko skeleton (D:5)
  A quokka skeleton (D:10)
  15 rats
  A fungus (D:10)
311 creatures vanquished.

Vanquished Creatures (others)
  An orc (D:9)
  A goblin (D:3)
2 creatures vanquished.

Grand Total: 313 creatures vanquished

Notes
Turn   | Place    | Note
-------+----------+-------------------------------------------
     0 | D:1      | sveltemanboy the Draconian Conjurer began the quest for the Orb.
     0 | D:1      | Reached XP level 1. HP: 14/14 MP: 3/3
   269 | D:1      | Reached XP level 2. HP: 20/20 MP: 0/5
   353 | D:1      | Learned a level 2 spell: Searing Ray
   891 | D:1      | Reached skill level 10 in Conjurations
   891 | D:1      | Reached XP level 3. HP: 26/26 MP: 6/6
  1276 | D:2      | Found a stormy altar of Qazlal.
  1276 | D:2      | Noticed an air elemental
  1280 | D:2      | Noticed a fire elemental
  1280 | D:2      | Noticed a water elemental
  1280 | D:2      | Noticed an earth elemental
  1333 | D:2      | Reached XP level 4. HP: 33/33 MP: 5/7
  1409 | D:2      | Learned a level 4 spell: Iskenderun's Mystic Blast
  2000 | D:2      | Noticed Jessica
  2002 | D:2      | Killed Jessica
  2309 | D:3      | Reached XP level 5. HP: 39/39 MP: 1/8
  2953 | D:3      | Reached skill level 1 in Fighting
  3434 | D:4      | Found a burning altar of Makhleb.
  3660 | D:4      | Reached XP level 6. HP: 47/48 MP: 9/9
  3874 | D:4      | Found a stormy altar of Qazlal.
  4018 | D:5      | Entered Level 5 of the Dungeon
  4128 | D:5      | Noticed Atlantean's ghost (novice GrFi)
  4146 | D:5      | Noticed Sigmund
  4151 | D:5      | Killed Sigmund
  4151 | D:5      | Your scales start taking on a lurid green colour.
  4151 | D:5      | Reached XP level 7. HP: 44/55 MP: 0/10
  4151 | D:5      | Gained mutation: Your system is resistant to poisons. (rPois) [Green Draconian growth]
  4242 | D:5      | Found a sparkling altar of Nemelex Xobeh.
  4242 | D:5      | Found an opulent altar of Gozag.
  4947 | D:5      | Reached skill level 11 in Conjurations
  5018 | D:5      | Found a staircase to the Ecumenical Temple.
  5034 | Temple   | Entered the Ecumenical Temple
  5124 | Temple   | Became a worshipper of Vehumet
  5401 | D:5      | Reached XP level 8. HP: 61/61 MP: 0/11
  5572 | D:5      | Reached skill level 5 in Dodging
  5736 | D:6      | Found a shimmering altar of Xom.
  5737 | D:6      | Found a hazy altar of Hepliaklqana.
  5738 | D:6      | Noticed a spectral ugly thing
  5893 | D:6      | Reached skill level 1 in Axes
  6335 | D:6      | Reached * piety under Vehumet
  6335 | D:6      | Offered knowledge of Shock by Vehumet.
  7240 | D:7      | Reached XP level 9. HP: 65/67 MP: 2/12
  7265 | D:7      | Noticed Duvessa
  7265 | D:7      | Noticed Dowan
  7403 | D:7      | Reached skill level 12 in Conjurations
  7543 | D:7      | Killed Duvessa
  7603 | D:7      | Killed Dowan
  7921 | D:7      | Noticed a gargoyle
  8297 | D:7      | Learned a level 5 spell: Iskenderun's Battlesphere
  8311 | D:7      | Offered knowledge of Sting by Vehumet.
  8313 | D:7      | Reached ** piety under Vehumet
  8313 | D:7      | Reached skill level 5 in Axes
  8356 | D:7      | Found Feujaops's Gadget Shoppe.
  8436 | D:7      | Killed a gargoyle
  8874 | D:8      | Found Fuafophexesm's Book Boutique.
  8912 | D:8      | Found a sacrificial altar of Ru.
  9296 | D:8      | Reached XP level 10. HP: 66/73 MP: 13/13
  9304 | D:8      | Reached skill level 1 in Charms
  9544 | D:8      | Offered knowledge of Ignite Poison by Vehumet.
  9896 | D:8      | Reached *** piety under Vehumet
  9904 | D:8      | Found an ancient bone altar of Kikubaaqudgha.
  9931 | D:8      | Reached skill level 13 in Conjurations
 10383 | D:9      | You fall through a shaft for 3 floors!
 10383 | D:12     | Noticed a hill giant
 10405 | D:11     | Offered knowledge of Conjure Flame by Vehumet.
 10520 | D:10     | Entered Level 10 of the Dungeon
 10592 | D:10     | Noticed a hill giant
 10607 | D:10     | Killed a hill giant
 11065 | D:9      | Learned a level 1 spell: Magic Dart
 11161 | D:9      | Found Heopra's Jewellery Boutique.
 11165 | D:9      | Bought an uncursed ring of wizardry for 360 gold pieces
 11189 | D:9      | Found a white marble altar of Elyvilon.
 11743 | D:10     | Reached **** piety under Vehumet
 11817 | D:10     | Offered knowledge of Fireball by Vehumet.
 11967 | D:10     | Found a staircase to the Lair.
 12521 | D:10     | Reached XP level 11. HP: 78/78 MP: 16/16
 12709 | D:10     | Noticed Gastronok
 12709 | D:10     | Noticed a hill giant
 12731 | D:10     | Noticed Erolcha
 12794 | D:10     | Killed Gastronok
 12794 | D:10     | Reached skill level 14 in Conjurations
 12941 | D:10     | Cast into level 1 of the Abyss (Erolcha)
 13063 | Abyss:1  | HP: 2/78 [something (5)]
 13064 | Abyss:1  | Demolished by a shadow wraith

Skill      XL: |  1  2  3  4  5  6  7  8  9 10 11 |
---------------+----------------------------------+-----
Conjurations   | 10 11 12 13 14 | 14.0
Dodging        | 2 3 4 5 |  5.1
Fighting       | 1 2 |  2.2
Axes           | 3 6 8 9 |  9.0
Charms         | 1 |  1.2
Spellcasting   | 3 4 |  4.3
Stealth        | |  1.7

Action                   |  1- 3 |  4- 6 |  7- 9 | 10-12 || total
-------------------------+-------+-------+-------+-------++-------
Melee: Short sword       |     9 |    20 |       |       ||    29
       Morningstar       |       |    19 |    61 |       ||    80
       Tailslap          |       |     4 |    23 |    29 ||    56
       War axe           |       |       |   124 |   201 ||   325
 Cast: Magic Dart        |    40 |    77 |    64 |    69 ||   250
       Searing Ray       |     1 |    10 |    37 |    25 ||    73
       Iskenderun's Myst |       |     7 |    31 |     7 ||    45
       Iskenderun's Batt |       |       |       |    18 ||    18
 Abil: Breathe Noxious F |       |       |     8 |     3 ||    11
Evoke: Wand              |       |       |     2 |       ||     2
  Use: Scroll            |     2 |     6 |     8 |     4 ||    20
       Potion            |     1 |       |       |       ||     1
 Stab: Sleeping          |       |     1 |     1 |     3 ||     5
       Confused          |       |       |     1 |       ||     1
  Eat: Chunk             |     1 |    13 |    25 |    15 ||    54
       Fruit             |       |       |     3 |     6 ||     9
       Beef jerky        |       |       |       |     1 ||     1
Armor: Skin              |     2 |    19 |    58 |    35 ||   114
Dodge: Dodged            |     4 |    27 |   128 |   155 ||   314
Block: Other             |       |    10 |    67 |    71 ||   148
       Reflection        |       |     1 |     5 |     2 ||     8
